 Dungeon Crawl Stone Soup version 0.23.2-33-g5129a83184 (webtiles) character file.

Game seed: 14029662436162623258

3042 Derp the Covered (level 9, 0/79 HPs)
             Began as a Deep Dwarf Fighter on July 21, 2019.
             Was a Priest of Cheibriados.
             Slain by a two-headed ogre
             ... wielding a +0 dire flail
              (8 damage)
             ... on level 8 of the Dungeon.
             The game lasted 00:16:05 (6305 turns).

Derp the Covered (Deep Dwarf Fighter)               Turns: 6305, Time: 00:16:06

Health: 0/79       AC: 16    Str: 30    XL:     9   Next: 56%
Magic:  2/2        EV: 12    Int: 20    God:    Cheibriados [***...]
Gold:   303        SH: 12    Dex: 19    Spells: 8/8 levels left

rFire    . . .     SeeInvis .   B - +6 hand axe "Suob" {chop, rN++ MR- Int+4}
rCold    + . .     Gourm    .   c - +0 shield
rNeg     + + .     Faith    +   b - +0 scale mail
rPois    .         Spirit   .   J - +0 helmet
rElec    .         Reflect  .   H - +1 cloak
rCorr    .         Harm     .   i - +0 pair of gloves
MR       .....                  l - +0 pair of boots
Stlth    +.........             I - amulet of faith
HPRegen  0.00/turn              k - +2 ring of protection
MPRegen  0.08/turn              E - ring of protection from cold

@: non-regenerating, very slow
A: damage resistance, heal wounds, sense surroundings 2, no regeneration
a: Heal Wounds, Bend Time, Temporal Distortion, Renounce Religion


You were on level 8 of the Dungeon.
You worshipped Cheibriados.
Cheibriados was most pleased with you.
You were not hungry.

You visited 1 branch of the dungeon, and saw 8 of its levels.

You collected 413 gold pieces.
You spent 110 gold pieces at shops.

Inventory:

Hand Weapons
 B - the +6 hand axe "Suob" (weapon) {chop, rN++ MR- Int+4}
   (You found it on level 5 of the Dungeon)

   It inflicts extra damage upon your enemies.
   It affects your intelligence (+4).
   It greatly protects you from negative energy.
   It affects your resistance to hostile enchantments.
Armour
 b - a +0 scale mail (worn)
 c - a +0 shield (worn)
 i - a +0 pair of gloves (worn)
 l - a +0 pair of boots (worn)
 H - a +1 cloak (worn)
 J - a +0 helmet (worn)
Jewellery
 a - a cursed amulet of inaccuracy {unknown}
 k - a +2 ring of protection (left hand)
 s - an uncursed amulet of the gourmand
 E - a ring of protection from cold (right hand)
 I - an amulet of faith (around neck)
Wands
 x - a wand of iceblast (10)
Scrolls
 e - a scroll of brand weapon {unknown}
 h - 4 scrolls of teleportation
 m - 4 scrolls of remove curse
 n - 2 scrolls of random uselessness
 p - a scroll of blinking
 q - a scroll of enchant weapon
 u - 4 scrolls of immolation
 v - 3 scrolls of amnesia
 z - a scroll of silence
 C - a scroll of enchant armour {unknown}
 F - a scroll of vulnerability {unknown}
 G - a scroll of fog
Potions
 d - 8 potions of might
 g - 6 potions of curing
 j - 2 potions of flight {unknown}
 o - 2 potions of degeneration {unknown}
 r - 2 potions of lignification {unknown}
 t - 2 potions of magic {unknown}
 w - 3 potions of haste {unknown}
 A - a potion of invisibility {unknown}
 D - a potion of cancellation {unknown}
Comestibles
 f - 13 rations


   Skills:
 + Level 4.7 Fighting
   Level 5.9 Long Blades
 + Level 7.1(7.2) Axes
   Level 1.5(4.3) Maces & Flails
 + Level 7.3 Armour
 + Level 4.1 Dodging
 + Level 1.2 Stealth
 + Level 6.8 Shields


You had 8 spell levels left.
You didn't know any spells.
Your spell library contained the following spells:

 Spells                   Type           Power        Failure   Level  Hunger
 Sandblast                Erth           #.....       71%         1    ##.....
 Shock                    Conj/Air       #...         71%         1    ##.....
 Passwall                 Tmut/Erth      #.......     85%         2    ###....
 Swiftness                Chrm/Air       #.......     85%         2    ###....
 Static Discharge         Conj/Air       #.......     97%         3    ####...
 Stone Arrow              Conj/Erth      #.....       97%         3    ####...
 Airstrike                Air            #.........   100%        4    #####..
 Petrify                  Tmut/Erth      #.......     100%        4    #####..
 Lee's Rapid Deconstruct  Erth           #.........   100%        5    ######.
 Lightning Bolt           Conj/Air       #.........   100%        5    ######.


Dungeon Overview and Level Annotations

Branches:
Dungeon (8/15)             Temple (0/1) D:6
   Lair: D:8-11

Altars:
Ashenzari
Cheibriados
Dithmenos
Kikubaaqudgha
Okawaru
Ru
Trog
Uskayaw
Yredelemnul
The Shining One

Shops:
D:6 *[

Annotations:
D:6 3 runed translucent doors, psyvane's ghost, novice HOFE


Innate Abilities, Weirdness & Mutations

You are resistant to damage.
You can heal yourself by infusing magical energy.
You passively map the area around you.
You do not regenerate.


Message History

a cursed -1 short sword; a +0 robe
Things that are here:
a +2 dire flail; a +0 robe; a kobold corpse
Things that are here:
a cursed +0 war axe; a +0 robe; a kobold corpse The two-headed ogre hits you with a +0 dire flail!
The two-headed ogre closely misses you.
The kobold shouts!
You hit the two-headed ogre.
The two-headed ogre is lightly wounded.
You block the two-headed ogre's attack. x2
You hit the two-headed ogre.
The two-headed ogre is moderately wounded.
The two-headed ogre hits you with a +0 dire flail!
The two-headed ogre hits you with a +0 giant spiked club!!
* * * LOW HITPOINT WARNING * * *
You hit the two-headed ogre.
The two-headed ogre is moderately wounded.
The two-headed ogre hits you with a +0 dire flail!
You die...

* , ,*#...............* .
,...............#########/ ..,
...=.......,,#........O. , ...
#. .....!. #.>....(..# ,
...##.##..#.######.%...o...#
,,...........K......F........#
...<........######....<(o... ,
...#...........K.K.......o.#
,..........>@O#####./K..>...#
* , ..#...))).#..#*
#.......... * ,
.......)().##......K.K...^o#
,...#.......# #####KK.......c
..,#(......# #..........
,,,#..[....# ...########
#.......#, , , * # #.......# ,
# ######### *


You could see a two-headed ogre, a big kobold and 2 kobolds.

Vanquished Creatures
  A spriggan (D:7)
  Menkaure (D:6)
  Edmund (D:4)
  An ice beast (D:7)
  3 orc warriors
  An ogre (D:5)
  2 sky beasts
  3 bullfrogs
  A scorpion (D:5)
  6 killer bees (D:7)
  9 wights
  A howler monkey (D:4)
  An electric eel (D:6)
  2 vampire bats (D:6)
  4 crimson imps
  A hound (D:6)
  2 jellies
  A centaur skeleton (D:4)
  2 orc priests (D:4)
  A bullfrog skeleton (D:4)
  9 orc wizards
  Crazy Yiuf (D:7)
  Jessica (D:3)
  Natasha (twice) (D:2)
  An iguana (D:4)
  2 worker ants
  2 hound skeletons
  Robin (D:2)
  4 gnolls (D:2)
  2 adders
  An ooze (D:1)
  An adder skeleton (D:4)
  3 worms
  3 dart slugs
  15 orcs
  A ball python (D:3)
  4 bat skeletons (D:6)
  A bat zombie (D:6)
  6 giant cockroaches
  12 hobgoblins
  6 jackals (D:1)
  4 quokkas
  A ball python skeleton (D:5)
  4 bats
  6 frilled lizards
  11 goblins
  12 kobolds
  A quokka skeleton (D:4)
  A quokka zombie (D:6)
  6 rats
168 creatures vanquished.

Vanquished Creatures (others)
  An orc wizard (D:6)
  3 fungi (D:6)
  2 plants
6 creatures vanquished.

Grand Total: 174 creatures vanquished

Notes
Turn   | Place    | Note
-------+----------+-------------------------------------------
     0 | D:1      | Derp the Deep Dwarf Fighter began the quest for the Orb.
     0 | D:1      | Reached XP level 1. HP: 20/20 MP: 1/1
    57 | D:1      | Reached XP level 2. HP: 20/27 MP: 2/2
   347 | D:1      | Reached XP level 3. HP: 19/33 MP: 3/3
   893 | D:2      | Noticed Robin
   895 | D:2      | Noticed Natasha
   928 | D:2      | Killed Natasha
   928 | D:2      | Reached XP level 4. HP: 40/40 MP: 2/2
   935 | D:2      | Killed Robin
  1042 | D:2      | Reached skill level 1 in Dodging
  1262 | D:2      | Noticed Natasha
  1274 | D:2      | Killed Natasha
  1274 | D:2      | Reached XP level 5. HP: 34/48 MP: 3/3
  1878 | D:3      | Noticed Jessica
  1882 | D:3      | Killed Jessica
  2471 | D:4      | Reached XP level 6. HP: 31/56 MP: 3/3
  2658 | D:4      | Noticed Edmund
  2698 | D:4      | Killed Edmund
  2698 | D:4      | Reached skill level 5 in Long Blades
  2808 | D:4      | Reached skill level 5 in Shields
  2840 | D:4      | Reached XP level 7. HP: 10/62 MP: 4/4
  3519 | D:5      | Entered Level 5 of the Dungeon
  3626 | D:5      | Got a shimmering hand axe
  3631 | D:5      | Identified the +6 hand axe "Suob" {chop, rN++ MR- Int+4}
                  | (You found it on level 5 of the Dungeon)
  3666 | D:5      | Reached skill level 1 in Maces & Flails
  3812 | D:5      | Found a snail-covered altar of Cheibriados.
  3817 | D:5      | Found a bloodstained altar of Trog.
  3818 | D:5      | Found a basalt altar of Yredelemnul.
  3822 | D:5      | Became a worshipper of Cheibriados the Contemplative
  3828 | D:5      | Found a hide-covered altar of Uskayaw.
  3828 | D:5      | Found a shadowy altar of Dithmenos.
  3828 | D:5      | Found a sacrificial altar of Ru.
  3828 | D:5      | Found a glowing golden altar of the Shining One.
  3829 | D:5      | Found a shattered altar of Ashenzari.
  3837 | D:5      | Found an iron altar of Okawaru.
  4126 | D:5      | Reached skill level 1 in Axes
  4126 | D:5      | Reached skill level 5 in Armour
  4308 | D:6      | Reached XP level 8. HP: 55/72 MP: 2/2
  4442 | D:6      | Found a staircase to the Ecumenical Temple.
  4611 | D:6      | Found a runed translucent gate.
  4611 | D:6      | Noticed a kobold demonologist
  4612 | D:6      | Found a runed translucent gate.
  4612 | D:6      | Noticed psyvane's ghost (novice HOFE)
  4613 | D:6      | Found a runed translucent gate.
  4614 | D:6      | Identified the +9 whip of the Unspeakable One {venom, rPois
                  | Dex+2 Stlth+}
  4624 | D:6      | Noticed Menkaure
  4630 | D:6      | Killed Menkaure
  4706 | D:6      | Reached * piety under Cheibriados
  4720 | D:6      | Found an ancient bone altar of Kikubaaqudgha.
  4770 | D:6      | Found Xiatheq's Assorted Antiques.
  4778 | D:6      | Bought a twisted jasper amulet for 110 gold pieces
  4916 | D:6      | Found Xiseuz's Armour Shop.
  5225 | D:6      | Reached skill level 5 in Axes
  5546 | D:7      | Reached ** piety under Cheibriados
  5565 | D:7      | Gained mutation: You passively map the area around you.
                  | [Deep Dwarf growth]
  5565 | D:7      | Reached XP level 9. HP: 56/78 MP: 2/2
  5972 | D:7      | Reached skill level 1 in Stealth
  6073 | D:7      | Found a runed translucent door.
  6074 | D:7      | Noticed Crazy Yiuf
  6080 | D:7      | Killed Crazy Yiuf
  6223 | D:8      | Noticed a two-headed ogre
  6291 | D:8      | Reached *** piety under Cheibriados
  6305 | D:8      | Slain by a two-headed ogre

Skill      XL: |  1  2  3  4  5  6  7  8  9 |
---------------+----------------------------+-----
Shields        | 4 5 6 |  6.8
Long Blades    | 3 4 5 |  5.9
Dodging        | 1 3 4 |  4.1
Armour         | 4 5 6 7 |  7.3
Fighting       | 3 4 |  4.7
Maces & Flails | 1 |  1.5
Axes           | 1 5 7 |  7.1
Stealth        | 1 |  1.2

Action                   |  1- 3 |  4- 6 |  7- 9 || total
-------------------------+-------+-------+-------++-------
Melee: Long sword        |   115 |   216 |       ||   331
       Flail             |       |     7 |    18 ||    25
       Hand axe          |       |       |   256 ||   256
       Falchion          |       |       |     7 ||     7
 Abil: Heal Wounds       |     2 |     7 |    11 ||    20
  Use: Scroll            |       |       |    11 ||    11
  Eat: Ration            |       |     2 |     2 ||     4
       Chunk             |       |     1 |     4 ||     5
Armor: Scale mail        |    55 |    82 |   125 ||   262
Dodge: Dodged            |    41 |    54 |    90 ||   185
Block: Shield            |    58 |   119 |   152 ||   329
       Rpst.: Long sword |    14 |    19 |       ||    33
